AoeStats
← Johnson

Black Forest

509452415Analyzed
4v4 RM · 7d ago on Sep 26, 2026· 31m 6s· 8 players
Game mode
Random Map
Map size
Large (8 player)
Population
200
Speed
Normal
Resources
Standard
Victory
Conquest
Starting age
Dark Age
Ending age
Imperial Age
RankedLock teamsTeams togetherTeam positionsShared explorationLock speedFull tech treeHidden civsTurbo modeCheats
Victory
Defeat
🇪🇸 Lithuanians · Spain
1295
+15
🇦🇷 Turks · Argentina
1287
+15
🇦🇷 Persians · Argentina
1277
+16
🇷🇺 Mongols · Russia
1260
+16
🇩🇪 Mongols · Germany
1306
-17
🇮🇹 Goths · Italy
1303
-17
🇮🇳 Burmese · India
1231
-14
🇯🇵 Teutons · Japan
1229
-14
hcenemod
10:19 Feudal Age
11:21 Double-Bit Axe
14:22 Castle Age
17:15 Horse Collar
20:51 Loom
26:08 Wheelbarrow
26:35 Bow Saw
26:33 Heavy Plow
26:31 Stone Mining
27:07 Gold Mining
28:12 Scale Barding Armor
28:18 Forging
28:47 Stone Shaft Mining
28:56 Hand Cart
29:18 Caravan
30:03 Chain Barding Armor
30:19 Iron Casting
33:21 Imperial Age
boomer2000
0:47 Loom
12:20 Feudal Age
16:26 Castle Age
14:55 Double-Bit Axe
18:15 Bow Saw
18:18 Horse Collar
29:15 Wheelbarrow
29:42 Gold Mining
30:12 Stone Mining
Polaco
7:12 Loom
10:23 Feudal Age
14:42 Castle Age
12:35 Double-Bit Axe
12:43 Horse Collar
16:07 Bow Saw
16:15 Heavy Plow
21:56 Wheelbarrow
23:06 Hand Cart
29:59 Imperial Age
27:15 Town Watch
27:25 Light Cavalry
28:17 Bloodlines
28:15 Scale Barding Armor
28:20 Forging
29:12 Husbandry
30:01 Hussar
31:06 Chain Barding Armor
31:22 Iron Casting
32:38 Chemistry
32:19 Iron Casting
Te_Detono_FaciL
1:03 Loom
13:02 Feudal Age
21:31 Castle Age
25:58 Imperial Age
23:50 Double-Bit Axe
23:45 Horse Collar
24:56 Gold Mining
25:45 Padded Archer Armor
25:35 Fletching
26:17 Bow Saw
26:48 Wheelbarrow
28:12 Leather Archer Armor
MLT | Bombad Gastald
0:28 Loom
10:11 Feudal Age
10:23 Man-at-Arms
12:54 Double-Bit Axe
14:11 Fletching
15:10 Forging
20:53 Castle Age
19:16 Horse Collar
21:52 Long Swordsman
23:19 Scale Mail Armor
Johnson
10:16 Feudal Age
13:50 Castle Age
11:55 Double-Bit Axe
11:53 Horse Collar
14:53 Bow Saw
15:20 Heavy Plow
21:33 Wheelbarrow
20:46 Loom
21:48 Gold Mining
24:03 Hand Cart
29:31 Imperial Age
27:08 Stone Mining
28:22 Fletching
28:54 Ballistics
29:17 Stone Shaft Mining
29:17 Gold Shaft Mining
30:07 Bodkin Arrow
31:35 Conscription
31:23 Bracer
31:24 Padded Archer Armor
32:30 Chemistry
kibusi
3:29 Loom
11:36 Feudal Age
15:36 Castle Age
13:41 Double-Bit Axe
13:44 Horse Collar
17:45 Bow Saw
24:59 Gold Mining
25:00 Stone Mining
26:11 Bloodlines
26:31 Scale Barding Armor
26:37 Forging
28:41 Chain Barding Armor
28:57 Iron Casting
29:31 Wheelbarrow
28:42 Town Watch
29:45 Stone Shaft Mining
29:48 Iron Casting
29:03 Fletching
30:21 Coinage
32:27 Imperial Age
29:59 Scale Mail Armor
30:10 Padded Archer Armor
31:02 Heavy Plow
31:36 Hand Cart
31:21 Town Patrol
AztecKiller2427
4:25 Loom
12:40 Feudal Age
13:40 Horse Collar
16:15 Castle Age
17:24 Pikeman
18:05 Scale Mail Armor
23:30 Redemption
23:43 Sanctity
24:05 Atonement
25:24 Fervor
29:39 Heavy Plow
Connection lost

Rejoining the realm…

Still unreachable

The connection could not be restored.

Session expired

The server has moved on; the page needs a fresh start.